 Dungeon Crawl Stone Soup version 0.21-a0-529-g8c7b3f5 (webtiles) character file.

63 AverageBear the Cutter (level 3, 0/22 HPs)
             Began as a Deep Elf Fighter on Dec 9, 2017.
             Slain by Sigmund
             ... wielding a +0 scythe of protection
              (9 damage)
             ... on level 2 of the Dungeon.
             The game lasted 00:02:03 (1388 turns).

AverageBear the Cutter (Deep Elf Fighter)           Turns: 1388, Time: 00:02:03

Health: 0/22       AC:  7    Str: 14    XL:     3   Next: 89%
Magic:  5/5        EV:  6    Int: 12    God:
Gold:   20         SH:  0    Dex: 14    Spells: 2/2 levels left

rFire    . . .     SeeInvis .   a - +0 rapier
rCold    . . .     Gourm    .   c - +0 shield
rNeg     . . .     Faith    .   b - +0 scale mail
rPois    .         Spirit   .   (no helmet)
rElec    .         Reflect  +   (no cloak)
rCorr    .         Harm     .   (no gloves)
MR       .....                  k - +0 pair of boots
Stlth    ..........             g - +5 amulet of reflection
HPRegen  0.07/turn              (no ring)
MPRegen  0.09/turn              (no ring)

@: confused
A: no striking features
a: no special abilities


You were on level 2 of the Dungeon.
You were not hungry.

You visited 1 branch of the dungeon, and saw 2 of its levels.

You collected 20 gold pieces.

Inventory:

Hand Weapons
 a - a +0 rapier (weapon)
Armour
 b - a +0 scale mail (worn)
 c - a +0 shield (worn)
 k - a +0 pair of boots (worn)
Jewellery
 g - a +5 amulet of reflection (around neck)
Scrolls
 e - a scroll of teleportation
 i - a scroll of immolation
 l - a scroll of magic mapping
Potions
 d - a potion of might
 j - a potion of agility {unknown}
Comestibles
 f - a bread ration
 h - 7 chunks of flesh


   Skills:
 - Level 2.4 Fighting
 + Level 4.2 Short Blades
 - Level 2.4 Armour
 - Level 2.4 Shields


You had 2 spell levels left.
You didn't know any spells.

Dungeon Overview and Level Annotations

Branches:
Dungeon (2/15)

Altars:
Okawaru

Annotations:
D:2 Jessica, Sigmund


Message History

You are too confused!
You are too confused!
You are too confused!
You are too confused!
You are too confused!
You are too confused!
You are too confused!
You are too confused!
You are too confused!
You are too confused!
You are too confused!
You are too confused!
You are too confused!
Something hits you.
Jessica casts a spell.
Jessica seems to speed up.
Something hits you. Jessica hits you with a club.
You bump into the rock wall.
Jessica hits you but does no damage. Something hits you!
You die...

# ### ##.## ###...##
.......##########
#......<........#####
##.....#######......#
###...## #..###.# #
##.## #{.@#*,* #
####### #.@.#*,* #
#..>..# #...#*,*
###.....# #.....,*
...[....# ###.###*
###.....# **.#.**
###.....##****,#*#.**
...........**,** *#,*
......####.***,***,**


You could see Jessica.

Vanquished Creatures
  2 adders (D:1)
  A worm (D:1)
  2 dart slugs
  A leopard gecko (D:2)
  6 bats
  3 giant cockroaches
  4 hobgoblins (D:1)
  2 jackals (D:1)
  3 kobolds
  A quokka (D:2)
  2 ball pythons (D:2)
  5 frilled lizards
  3 goblins (D:1)
  3 rats (D:1)
38 creatures vanquished.

Notes
Turn   | Place    | Note
-------+----------+-------------------------------------------
     0 | D:1      | AverageBear the Deep Elf Fighter began the quest for the Orb.
     0 | D:1      | Reached XP level 1. HP: 13/13 MP: 3/3
     0 | D:1      | Noticed a felid
     0 | D:1      | Noticed a naga
     2 | D:1      | Noticed a troll
     2 | D:1      | Noticed a centaur
     4 | D:1      | Noticed a human
     5 | D:1      | Noticed a minotaur
     8 | D:1      | Noticed a centaur
    10 | D:1      | Noticed a troll
    14 | D:1      | Noticed a ghoul
    14 | D:1      | Noticed a vine stalker
    16 | D:1      | Noticed a dwarf
    18 | D:1      | Noticed a ghoul
    18 | D:1      | Noticed a gargoyle
    20 | D:1      | Noticed an octopode
   211 | D:1      | Reached XP level 2. HP: 14/18 MP: 4/4
   219 | D:1      | Found an iron altar of Okawaru.
   289 | D:1      | Reached skill level 3 in Short Blades
   813 | D:1      | Reached XP level 3. HP: 22/22 MP: 5/5
   847 | D:1      | Reached skill level 4 in Short Blades
  1380 | D:2      | Noticed Sigmund
  1382 | D:2      | Noticed Jessica
  1388 | D:2      | Slain by Sigmund

Vault maps used:
D:1:      shiori_arrival_whats_in_store_for_you, okawaru_ov_weapons_minmay
D:2:      gammafunk_temple_overflow_pools, uniq_sigmund, uniq_jessica

Skill      XL: |  1  2  3 |
---------------+----------+-----
Short Blades   | 3 4 |  4.2
Fighting       | |  2.4
Armour         | |  2.4
Shields        | |  2.4

Action                   || total
-------------------------++-------
Melee: Rapier            ||   157
  Use: Scroll            ||     3
       Potion            ||     1
  Eat: Chunk             ||     2
Armor: Scale mail        ||    69
Dodge: Dodged            ||    33
Block: Shield            ||   126

Table legend:
 A = Spawn XP
 B = Non-spawn XP
 C = Spawn XP percentage of total XP
 D = Spawn monster count
 E = Non-spawn monster count
 F = Spawn count percentage of total count
 G = Total turns spent on level
                    A         B        C        D         E        F      G
               +---------+---------+-------+---------+---------+-------+---------
         Total |       0 |      91 |   0.0 |       0 |      38 |   0.0 |  1388
               +---------+---------+-------+---------+---------+-------+---------
           D:1 |       0 |      72 |   0.0 |       0 |      27 |   0.0 |  1007
           D:2 |       0 |      19 |   0.0 |       0 |      11 |   0.0 |   381
               +---------+---------+-------+---------+---------+-------+---------
